 Dungeon Crawl Stone Soup version 0.26-a0-651-gb41185065b (webtiles) character file.

Game seed: 562357045472533809

364 ytrimaz the Chopper (level 6, 0/57 HPs)
             Began as a Minotaur Berserker on Sept 30, 2020.
             Was a Believer of Trog.
             Slain by a white imp (4 damage)
             ... summoned by Eustachio
             ... on level 4 of the Dungeon.
             The game lasted 00:03:39 (3183 turns).

ytrimaz the Chopper (Minotaur Berserker)            Turns: 3183, Time: 00:03:40

Health: 0/57       AC:  2    Str: 30    XL:     6   Next: 39%
Magic:  5/5        EV: 12    Int: 10    God:    Trog [**....]
Gold:   119        SH:  0    Dex:  9    Spells: 5/5 levels left

rFire    . . .     SeeInvis .   a - +0 hand axe
rCold    . . .     Faith    .   (no shield)
rNeg     . . .     Spirit   .   b - +0 animal skin
rPois    .         Reflect  .   (helmet restricted)
rElec    .         Harm     .   (no cloak)
rCorr    .         Rampage  .   (no gloves)
MR       .....                  (no boots)
Stlth    +.........             (no amulet)
HPRegen  0.19/turn              n - +6 ring of intelligence
MPRegen  0.09/turn              g - +6 ring of strength

@: berserk cooldown, slowed, very slow
A: retaliatory headbutt, horns 2
a: Berserk, Trog's Hand, Renounce Religion


You were on level 4 of the Dungeon.
You worshipped Trog.
Trog was pleased with you.
You visited 1 branch of the dungeon, and saw 4 of its levels.

You collected 119 gold pieces.

Inventory:

Hand Weapons
 a - a +0 hand axe (weapon)
Armour
 b - a +0 animal skin (worn)
Jewellery
 g - a +6 ring of strength (right hand)
 l - an uncursed ring of fire
 n - a +6 ring of intelligence (left hand)
Wands
 s - a wand of flame (8)
Scrolls
 d - 4 scrolls of enchant armour
 e - a scroll of fog
 h - 2 scrolls of magic mapping
 k - 2 scrolls of fear
 m - a scroll of immolation {unknown}
 p - a scroll of noise {unknown}
 r - 3 scrolls of remove curse {unknown}
 u - 2 scrolls of teleportation {unknown}
Potions
 c - 2 potions of ambrosia {unknown}
 f - 2 potions of stabbing
 i - 2 potions of curing
 o - a potion of resistance {unknown}
 q - a potion of mutation {unknown}
 v - a potion of haste {unknown}


   Skills:
 + Level 5.7 Fighting
 + Level 6.6 Axes
 * Level 4.2 Armour
 - Level 2.1 Dodging


You had 5 spell levels left.
You didn't know any spells.
Your spell library was empty.

Dungeon Overview and Level Annotations

Branches:
Dungeon (4/15)
 Temple: D:4-7

Altars:

Annotations:
D:4 Eustachio


Innate Abilities, Weirdness & Mutations

You reflexively headbutt those who attack you in melee.
You have a pair of horns on your head.


Message History

* * * LOW HITPOINT WARNING * * *
The dart slug barely misses you.
Eustachio mumbles some strange words.
It was a potion of curing.
You feel better. The dart slug barely misses you.
Eustachio gestures wildly while chanting.
Eustachio blinks!
The iron imp hits you!
* * * LOW HITPOINT WARNING * * *
The dart slug launches a dart at you. The slug dart hits you.
* * * LOW HITPOINT WARNING * * *
You feel better. The iron imp hits you.
* * * LOW HITPOINT WARNING * * *
The dart slug closely misses you. You furiously retaliate!
You headbutt the dart slug!
You kill the dart slug!
Trog accepts your kill. The white imp hits you.
* * * LOW HITPOINT WARNING * * *
The white imp freezes you.
You die...

#.!....#
.......# . ..
###.#....# . #.
#......@. #.#.
#......#
#.#.##..†...##
#....#.......#
#####..#..)[55.#
#.......)[..†@.#
.####.........#
#<....#..#####
#..##.#..# #.
.....# # ###...#
.....# .#...$#
....#


You could see Eustachio, an iron imp (summoned) and a white imp (summoned).

Vanquished Creatures
  An ogre (D:3)
  A hound (D:4)
  An orc priest (D:3)
  An orc wizard (D:4)
  Terence (D:2)
  A worker ant (D:4)
  6 adders
  An ooze (D:1)
  2 worms
  4 dart slugs
  A leopard gecko (D:3)
  8 orcs
  4 bats
  2 giant cockroaches
  6 goblins
  5 hobgoblins
  2 jackals (D:3)
  2 quokkas
  A frilled lizard (D:2)
  8 kobolds
  4 rats
  4 toadstools (D:1)
66 creatures vanquished.

Notes
Turn   | Place    | Note
-------+----------+-------------------------------------------
     0 | D:1      | ytrimaz the Minotaur Berserker began the quest for the Orb.
     0 | D:1      | Reached XP level 1. HP: 19/19 MP: 0/0
   782 | D:1      | Reached skill level 4 in Axes
   782 | D:1      | Reached XP level 2. HP: 24/27 MP: 1/1
  1447 | D:2      | Noticed Terence
  1467 | D:2      | Killed Terence
  1467 | D:2      | Reached XP level 3. HP: 14/34 MP: 2/2
  1480 | D:2      | Reached ** piety under Trog
  1723 | D:2      | Reached XP level 4. HP: 41/41 MP: 3/3
  2033 | D:2      | Reached skill level 5 in Axes
  2419 | D:3      | Noticed an ogre
  2424 | D:3      | Killed an ogre
  2424 | D:3      | Reached skill level 5 in Fighting
  2424 | D:3      | Reached XP level 5. HP: 48/48 MP: 4/4
  2891 | D:3      | Reached skill level 6 in Axes
  3159 | D:4      | Noticed Eustachio
  3162 | D:4      | Reached XP level 6. HP: 29/56 MP: 5/5
  3183 | D:4      | Slain by a white imp

Illustrated notes

Levels and vault maps discovered:
D:1:      ldierk_water_garden, layout_loops_ring, minmay_misc_feat_x,
          minmay_misc_feat_four_crosses, st_stairs_10
D:2:      layout_basic, uniq_terence
D:3:      layout_rooms
D:4:      cheibrodos_thug_alley, layout_basic, lemuel_temple_firewalk_b,
          serial_park_tiny_2, uniq_robin, uniq_eustachio

Skill      XL: |  1  2  3  4  5  6 |
---------------+-------------------+-----
Axes           | 4 5 6 |  6.6
Fighting       | 4 5 |  5.7
Armour         | 3 4 |  4.2
Dodging        | |  2.1

Action                   |  1- 3 |  4- 6 || total
-------------------------+-------+-------++-------
Melee: Hand axe          |    72 |    78 ||   150
       Headbutt          |    13 |    14 ||    27
Invok: Berserk           |       |     2 ||     2
  Use: Scroll            |     4 |     2 ||     6
       Potion            |       |     3 ||     3
Armor: Animal skin       |    10 |    13 ||    23
Dodge: Dodged            |    38 |    67 ||   105

Table legend: (Time is in decaauts)
 A = Elapsed time spent in this place.
 B = Non-inter-level travel time spent in this place.
 C = Inter-level travel time spent in this place.
 D = Time resting spent in this place.
 E = Time spent auto-exploring this place.
 F = Levels seen in this place.
 G = Mean time per level.
                   A        B        C        D        E       F      G
               +--------+--------+--------+--------+--------+-----+--------+
         Total |   3200 |   3138 |     62 |    236 |   2446 |   4 |  800.0 |
       Dungeon |   3200 |   3138 |     62 |    236 |   2446 |   4 |  800.0 |
               +--------+--------+--------+--------+--------+-----+--------+

Top non-repeatable levels by time:
     D:1: 1248 daAuts
     D:2: 1050 daAuts
     D:3: 850 daAuts
     D:4: 50 daAuts
